 Dungeon Crawl Stone Soup version 0.17-a0-1475-g9f81d98 (webtiles) character file.

6994 stanislav the Grappler (level 10, -11/88 HPs)
             Began as a Troll Monk on July 2, 2015.
             Was an Elder of Nemelex Xobeh.
             Hit by a large rock thrown by a cyclops (28 damage)
             ... on level 10 of the Dungeon.
             The game lasted 00:12:20 (8208 turns).

stanislav the Grappler (Troll Monk)                 Turns: 8208, Time: 00:12:21

Health: -11/88     AC: 14    Str: 23      XL:     10   Next: 81%
Magic:  13/13      EV:  8    Int: 12      God:    Nemelex Xobeh [****..]
Gold:   322        SH:  0    Dex: 11 (12) Spells: 0 memorised, 9 levels left

rFire  + + .     SeeInvis .       - Unarmed
rCold  . . .     Clarity  .     u - +0 fire dragon armour
rNeg   . . .     SustAt   .     (no shield)
rPois  .         Gourm    +     C - +1 hat {Int+3}
rElec  .         Spirit   .     z - +0 cloak {MR+}
rCorr  .         Warding  .     (gloves unavailable)
rMut   .         Stasis   .     (boots unavailable)
MR     +....                    (no amulet)
Stlth  ..........               (no ring)
                                (no ring)

@: somewhat resistant to hostile enchantments, extremely unstealthy
A: unfitting armour, claws 3, icy blue scales 1, clever 1, cold resistance 1,
fast metabolism 3, gourmand, regeneration 2, shaggy fur 1, tough skin 2,
evolution 1
a: Triple Draw, Deal Four, Renounce Religion


You were on level 10 of the Dungeon.
You worshipped Nemelex Xobeh.
Nemelex Xobeh was greatly pleased with you.
You were not hungry.

You visited 2 branches of the dungeon, and saw 11 of its levels.
You also visited: Sewer.

You collected 526 gold pieces.
You spent 204 gold pieces at shops.

Inventory:

Hand weapons
 x - a +1 giant spiked club
Armour
 u - a +0 fire dragon armour (worn)
 z - a +0 cloak of magic resistance (worn)
 C - a +1 hat of intelligence (worn)
Jewellery
 a - an uncursed ring of teleportation
 p - an uncursed ring of invisibility
 y - an uncursed ring of flight
Magical devices
 n - a wand of fire (9)
 r - a wand of magic darts (21)
 t - a wand of frost (23)
 E - a wand of fire (4)
Scrolls
 b - a scroll of enchant weapon
 c - a scroll of blinking
 d - 3 scrolls of immolation
 g - 13 scrolls of identify
 h - 3 scrolls of enchant armour
 s - 3 scrolls of remove curse
 v - a scroll of amnesia
 w - 2 scrolls of recharging
 D - 2 scrolls of fog
Potions
 e - 6 potions of curing
 j - 5 potions of brilliance
 k - 2 potions of cure mutation
 l - 5 potions of heal wounds
 F - a potion of agility
Miscellaneous
 m - an ornate deck of escape
 o - a plain deck of escape
 q - a plain deck of war
 A - an ornate deck of destruction
 B - a legendary deck of destruction
 G - an ornate deck of escape
Comestibles
 f - 5 meat rations
 i - 5 beef jerkies
 Z - 7 bread rations


   Skills:
 - Level 2.4 Fighting
 - Level 2.4 Dodging
 - Level 1.1 Stealth
 - Level 14.3 Unarmed Combat
 * Level 6.3 Evocations


You had 9 spell levels left.
You didn't know any spells.

Dungeon Overview and Level Annotations

Branches:
Dungeon (10/15)            Temple (1/1) D:5            Lair (0/8) D:9
    Orc: D:9-12

Altars:
Ashenzari
Cheibriados
Dithmenos
Elyvilon
Fedhas
Gozag
Kikubaaqudgha
Makhleb
Nemelex Xobeh
Okawaru
Qazlal
Ru
Sif Muna
Trog
Vehumet
Xom
Yredelemnul
Zin
The Shining One

Shops:
D:5 ?


Innate Abilities, Weirdness & Mutations

You are too large for most types of armour.
You have claws for hands.
Your metabolism is lightning-fast.
You like to eat raw meat.
You heal very quickly.
You are covered in fur (AC +1).
You have very tough skin (AC +2).
You are partially covered in icy blue scales (AC +1).
Your mind is acute. (Int +2)
Your flesh is cold resistant.
You evolve.


Message History

The stone arrow hits you!
The gargoyle hurls a stone arrow at you.
The stone arrow hits you! The cyclops hits you.
* * * LOW HITPOINT WARNING * * *
You see here a sheep corpse.
You claw the cyclops!
The cyclops begins to bleed from its wounds!
The cyclops is moderately wounded.
The cyclops hits you but does no damage.
The gargoyle hurls a stone arrow at you.
The stone arrow misses you.
Drink which item? (? for menu, Esc to quit)
You feel better.
The cyclops is no longer bleeding.
The cyclops hits you!!
* * * LOW HITPOINT WARNING * * *
Things that are here:
a large rock; a sheep corpse The cyclops throws a large rock.
The large rock hits you!!
You die...
Your body glows with a rainbow of weird colours and disappears.

#### ....... ...
....>.. ..
.......
#.##.......
#.9#.......
########C#.......
.........(#
........#(#
........#@##
≈≈#######.(# ≈
##.## #..# .#
≈######.# .#
≈.......##.#
≈..(....##.#
≈........#.#
≈......#.#.#


You could see a cyclops and a gargoyle.

Vanquished Creatures
  Gastronok (D:8)
  Maurice (D:8)
  2 spiny frogs (D:9)
  A troll (D:9)
  A two-headed ogre (D:8)
  Grinder (D:4)
  A blink frog (D:9)
  The ghost of gilberto the Ruffian, an average TrMo (D:3)
  6 humans (D:6)
  A wyvern (D:9)
  A hungry ghost (D:8)
  An orc warrior (D:8)
  3 sky beasts
  A black bear (D:9)
  3 phantoms
  2 ogres
  The ghost of Kisielow the Conjurer, an average DECj (Sewer)
  3 giant frogs
  2 big kobolds (Sewer)
  A centaur zombie (D:8)
  5 hounds
  A crimson imp (D:5)
  An electric eel (D:10)
  An orc priest (D:8)
  A giant frog skeleton (D:4)
  3 orc wizards
  A quasit (D:10)
  7 worker ants
  4 iguanas (D:4)
  2 sheep (D:10)
  A hound zombie (D:5)
  A worker ant zombie (D:5)
  Robin (D:4)
  8 adders
  11 gnolls
  5 river rats
  An ooze (D:3)
  A worm (D:3)
  A giant gecko (D:3)
  25 orcs
  11 bats
  14 goblins
  13 hobgoblins
  6 jackals
  4 quokkas
  9 ball pythons
  5 giant cockroaches
  6 giant newts
  A jackal skeleton (D:8)
  24 kobolds
  A quokka skeleton (D:4)
  31 rats
  A butterfly (D:5)
241 creatures vanquished.

Vanquished Creatures (others)
  A goblin (D:4)
1 creature vanquished.

Grand Total: 242 creatures vanquished

Notes
Turn   | Place    | Note
--------------------------------------------------------------
     0 | D:1      | stanislav the Troll Monk began the quest for the Orb.
     0 | D:1      | Reached XP level 1. HP: 22/22 MP: 0/0
   163 | D:1      | Reached XP level 2. HP: 26/29 MP: 1/1
   806 | D:2      | Reached skill level 5 in Unarmed Combat
   806 | D:2      | Reached XP level 3. HP: 34/36 MP: 2/2
  1201 | D:3      | Reached XP level 4. HP: 42/44 MP: 3/3
  1460 | D:3      | Reached skill level 6 in Unarmed Combat
  1719 | D:3      | Noticed gilberto's ghost (average TrMo)
  1730 | D:3      | Killed gilberto's ghost
  1730 | D:3      | Reached skill level 7 in Unarmed Combat
  1730 | D:3      | Reached XP level 5. HP: 25/50 MP: 4/4
  1730 | D:3      | Reached XP level 6. HP: 29/59 MP: 5/5
  1914 | D:3      | Gained mutation: You are agile. (Dex +2) [potion of mutation]
  1914 | D:3      | Gained mutation: You expend magic power (3 MP) to strengthen your wands. [potion of mutation]
  1914 | D:3      | Gained mutation: Armour fits poorly on your strangely shaped body. [potion of mutation]
  2207 | D:4      | Found a burning altar of Makhleb.
  2230 | D:4      | Noticed Robin
  2241 | D:4      | Killed Robin
  2264 | D:4      | Reached skill level 8 in Unarmed Combat
  2356 | D:4      | Noticed Grinder
  2370 | D:4      | Killed Grinder
  2370 | D:4      | Reached XP level 7. HP: 49/66 MP: 6/6
  2591 | D:4      | Reached skill level 9 in Unarmed Combat
  3560 | D:5      | Entered Level 5 of the Dungeon
  3560 | D:5      | Found a glowing drain.
  3586 | Sewer    | Entered a sewer
  3627 | Sewer    | Noticed Kisielow's ghost (average DECj)
  3632 | Sewer    | Reached skill level 10 in Unarmed Combat
  3689 | Sewer    | Reached XP level 8. HP: 59/74 MP: 7/7
  3693 | Sewer    | Killed Kisielow's ghost
  4233 | D:5      | Found Xayleul's Magic Scroll Emporium.
  4237 | D:5      | Bought a scroll of recharging for 114 gold pieces
  4237 | D:5      | Bought a scroll of enchant armour for 90 gold pieces
  4244 | D:5      | Reached skill level 11 in Unarmed Combat
  4264 | D:5      | Lost mutation: You are agile. (Dex +2) [potion of cure mutation]
  4264 | D:5      | Lost mutation: Armour fits poorly on your strangely shaped body. [potion of cure mutation]
  4264 | D:5      | Lost mutation: You expend magic power (3 MP) to strengthen your wands. [potion of cure mutation]
  4299 | D:5      | Found a staircase to the Ecumenical Temple.
  4315 | Temple   | Entered the Ecumenical Temple
  4420 | Temple   | Became a worshipper of Nemelex Xobeh the Trickster
  4420 | Temple   | Received a gift from Nemelex Xobeh
  4420 | Temple   | Received a gift from Nemelex Xobeh
  4420 | Temple   | Received a gift from Nemelex Xobeh
  4856 | D:6      | Reached skill level 12 in Unarmed Combat
  4856 | D:6      | Reached XP level 9. HP: 80/80 MP: 8/8
  5695 | D:7      | Found a glowing silver altar of Zin.
  5836 | D:7      | Received a gift from Nemelex Xobeh
  5841 | D:7      | Acquired Nemelex Xobeh's first power
  5957 | D:8      | Noticed Gastronok
  5970 | D:8      | Killed Gastronok
  5970 | D:8      | Reached skill level 14 in Unarmed Combat
  5970 | D:8      | Reached XP level 10. HP: 39/88 MP: 9/9
  6263 | D:8      | Noticed Maurice
  6269 | D:8      | Killed Maurice
  6474 | D:8      | Received a gift from Nemelex Xobeh
  6493 | D:8      | Gained mutation: You evolve. [mutagenic meat]
  6494 | D:8      | Gained mutation: Your flesh is cold resistant. [mutagenic meat]
  6495 | D:8      | Gained mutation: Your mind is acute. (Int +2) [mutagenic meat]
  6496 | D:8      | Gained mutation: You are partially covered in icy blue scales (AC +1). [mutagenic meat]
  7113 | D:9      | Received a gift from Nemelex Xobeh
  7278 | D:9      | Found a staircase to the Lair.
  7293 | D:9      | Reached skill level 5 in Evocations
  7561 | D:9      | Acquired Nemelex Xobeh's second power
  8106 | D:10     | Entered Level 10 of the Dungeon
  8192 | D:10     | Noticed a cyclops
  8208 | D:10     | Hit by a large rock thrown by a cyclops

Vault maps used:
D:1:      co_arrival_random_square_maze
D:4:      minmay_misc_feat_ornament, minmay_bad_closet,
          makhleb_heckhound_becter, uniq_robin, uniq_grinder
D:5:      minmay_temple_entry_butterflies, serial_shops, nicolae_shop_crystal,
          first_bread, gup_sewer_entry_glass
D:6:      minmay_ruffians
D:7:      kennysheep_little_box
D:8:      uniq_gastronok, uniq_maurice
D:9:      dpeg_lair_monsters
Temple:   kilobyte_greek_temple_18
Sewer:    sewer_minmay_treatment

Action                   |  1- 3 |  4- 6 |  7- 9 | 10-12 || total
-------------------------+-------+-------+-------+-------++-------
Melee: Unarmed           |    73 |   126 |   277 |   160 ||   636
  Use: Potion            |       |     9 |     6 |     2 ||    17
       Scroll            |       |     7 |     6 |     2 ||    15
 Stab: Sleeping          |     1 |     3 |     3 |       ||     7
       Distracted        |       |       |     1 |       ||     1
  Eat: Chunk             |    12 |    16 |    17 |    27 ||    72
       Bread ration      |       |       |     2 |     1 ||     3
